 Dungeon Sprint DCSS version 0.21-a0-338-g36cf2fc (webtiles) character file.

293 potatolord6000 the Cleaver (level 6, -10/62 HPs)
             Began as a Hill Orc Fighter on Oct 3, 2017.
             Was an Elder of Beogh.
             Killed by divine providence
             ... invoked by an orc priest
              (12 damage)
             ... while paralysed by a floating eye
             ... in the Dungeon (Sprint VII: "The Pits").
             The game lasted 00:02:20 (457 turns).

potatolord6000 the Cleaver (Hill Orc Fighter)        Turns: 457, Time: 00:02:20

Health: -10/62     AC: 13    Str: 21    XL:     6   Next: 33%
Magic:  3/8        EV:  2    Int:  8    God:    Beogh [****..]
Gold:   0          SH:  0    Dex: 10    Spells: 5/5 levels left

rFire    . . .     SeeInvis .   a - +0 war axe
rCold    . . .     Gourm    .   c - +0 shield
rNeg     . . .     Faith    .   r - +3 chain mail
rPois    .         Spirit   .   (no helmet)
rElec    .         Reflect  .   (no cloak)
rCorr    .         Harm     .   (no gloves)
MR       .....     NoTele   +   (no boots)
Stlth    ..........             (no amulet)
HPRegen  0.20/turn              (no ring)
MPRegen  0.11/turn              (no ring)

@: paralysed
A: no striking features
a: Smiting, Recall Orcish Followers, Renounce Religion


You were in the Dungeon.
You worshipped Beogh.
Beogh was greatly pleased with you.
You were not hungry.

You visited 1 branch

Inventory:

Hand Weapons
 a - a +0 war axe (weapon)
Armour
 c - a +0 shield (worn)
 r - a +3 chain mail (worn)
Scrolls
 k - a scroll of blinking
 m - 3 scrolls of remove curse
 n - 5 scrolls of amnesia
 o - a scroll of summoning
Potions
 d - a potion of might
 e - 3 potions of curing
 g - 4 potions of heal wounds
 h - a potion of haste
 i - 4 potions of magic
 j - 3 potions of berserk rage
 l - 2 potions of invisibility
Comestibles
 f - 8 bread rations
 p - 40 fruits
 q - 7 meat rations


   Skills:
 + Level 8.3 Fighting
 + Level 8.6 Axes
 + Level 7.6 Armour
 + Level 7.6 Shields
 + Level 3.3 Invocations


You had 5 spell levels left.
You didn't know any spells.

Dungeon Overview and Level Annotations

Branches:
Dungeon (1/1)

Altars:
Ashenzari
Cheibriados
Dithmenos
Elyvilon
Fedhas
Gozag
Hepliaklqana
Kikubaaqudgha
Makhleb
Nemelex Xobeh
Okawaru
Qazlal
Ru
Sif Muna
Trog
Uskayaw
Vehumet
Wu Jian
Xom
Yredelemnul
Zin
The Shining One
Beogh
Jiyva
Lugonu


Message History

You can move again.
You barely miss the orc. You block the orc's attack.
Unknown command.
You slash the orc!
You kill the orc!
Beogh accepts your kill.
An orc wizard appears from thin air!
Reactivating autopickup.
The floating eye gazes piercingly through you!
You suddenly lose the ability to move!
The orc wizard gestures wildly while chanting.
The orc wizard flickers and vanishes!
Deactivating autopickup; reactivate with Ctrl-A.
The jackal bites you.
* * * LOW HITPOINT WARNING * * *
The jackal bites you but does no damage.
The orc priest mumbles some strange prayers to Beogh against you.
Beogh smites you!
You die...
Beogh appreciates the orc priest's killing of a heretic priest.

#_________.#
#_______...#######
##########'##.....
#.?(.')))'.##.....
##########.##.....
#...........÷.....
#'#####'#####.....
#.#..#..#..##.....
#@#..†..÷..#####'#
#h##'####'###.....
#G#........##.....
#.#........##.....
#.#####'#####...<.
#o#..[)))..##.....
#.#..[)))..##.....
#'###########.....
#....J..# ######


You could see a floating eye, an orc priest and a jackal.

Vanquished Creatures
  A water moccasin (D)
  A floating eye (D)
  A big kobold (D)
  2 oozes (D)
  A leopard gecko (D)
  An orc (D)
  A ball python (D)
  2 bats (D)
  A giant cockroach (D)
  4 jackals (D)
  A frilled lizard (D)
  A rat (D)
17 creatures vanquished.

Notes
Turn   | Place    | Note
-------+----------+-------------------------------------------
     0 | D        | potatolord6000 the Hill Orc Fighter began the quest for the Orb.
     0 | D        | Reached XP level 1. HP: 19/19 MP: 1/1
    23 | D        | Found a bloodstained altar of Trog.
    23 | D        | Found a deep blue altar of Sif Muna.
    23 | D        | Found a viscous altar of Jiyva.
    23 | D        | Found a hazy altar of Hepliaklqana.
    23 | D        | Found an opulent altar of Gozag.
    47 | D        | Found a glowing golden altar of the Shining One.
    47 | D        | Found a glowing silver altar of Zin.
    47 | D        | Found a basalt altar of Yredelemnul.
    47 | D        | Found a shimmering altar of Xom.
    47 | D        | Found an ornate altar of the Wu Jian Council.
    47 | D        | Found a sacrificial altar of Ru.
    47 | D        | Found a stormy altar of Qazlal.
    47 | D        | Found an iron altar of Okawaru.
    47 | D        | Found a sparkling altar of Nemelex Xobeh.
    47 | D        | Found a burning altar of Makhleb.
    47 | D        | Found a blossoming altar of Fedhas.
    47 | D        | Found a white marble altar of Elyvilon.
    47 | D        | Found a shadowy altar of Dithmenos.
    47 | D        | Found a snail-covered altar of Cheibriados.
    50 | D        | Found a corrupted altar of Lugonu.
    50 | D        | Found a radiant altar of Vehumet.
    50 | D        | Found a roughly hewn altar of Beogh.
    51 | D        | Found an ancient bone altar of Kikubaaqudgha.
    51 | D        | Found a hide-covered altar of Uskayaw.
    51 | D        | Found a shattered altar of Ashenzari.
    61 | D        | Became a worshipper of Beogh the Brigand
   151 | D        | Reached XP level 2. HP: 27/27 MP: 2/2
   152 | D        | Reached * piety under Beogh
   222 | D        | Reached ** piety under Beogh
   326 | D        | Noticed a floating eye
   329 | D        | Paralysed by a floating eye for 2 turns
   332 | D        | Killed a floating eye
   332 | D        | Reached XP level 3. HP: 35/38 MP: 3/3
   332 | D        | Reached XP level 4. HP: 42/45 MP: 4/4
   336 | D        | Reached *** piety under Beogh
   400 | D        | Noticed a big kobold
   400 | D        | Noticed a water moccasin
   401 | D        | Noticed a floating eye
   412 | D        | Reached XP level 5. HP: 39/51 MP: 5/5
   413 | D        | Paralysed by a floating eye for 4 turns
   420 | D        | Paralysed by a floating eye for 2 turns
   422 | D        | Killed a big kobold
   431 | D        | Paralysed by a floating eye for 2 turns
   442 | D        | Paralysed by a floating eye for 3 turns
   449 | D        | Killed a water moccasin
   449 | D        | Reached XP level 6. HP: 12/62 MP: 2/8
   450 | D        | Reached **** piety under Beogh
   450 | D        | Paralysed by a floating eye for 4 turns
   452 | D        | HP: 2/62 [orc priest/divine providence (11)]
   455 | D        | Paralysed by a floating eye for 3 turns
   457 | D        | Killed from afar by an orc priest

Vault maps used:
D:        pitsprint

Skill      XL: |  1  2  3  4  5 |
---------------+----------------+-----
Axes           | 3 6 8 |  8.6
Fighting       | 4 6 8 |  8.3
Armour         | 6 7 |  7.6
Shields        | 6 7 |  7.6
Invocations    | 3 |  3.3

Action                   |  1- 3 |  4- 6 || total
-------------------------+-------+-------++-------
Melee: War axe           |    29 |    33 ||    62
Invok: Smiting           |       |     1 ||     1
  Use: Potion            |       |     5 ||     5
Armor: Scale mail        |    17 |     1 ||    18
       Chain mail        |       |    30 ||    30
Dodge: Dodged            |    10 |     9 ||    19
Block: Shield            |    15 |    14 ||    29

Table legend:
 A = Spawn XP
 B = Non-spawn XP
 C = Spawn XP percentage of total XP
 D = Spawn monster count
 E = Non-spawn monster count
 F = Spawn count percentage of total count
 G = Total turns spent on level
                    A         B        C        D         E        F      G
               +---------+---------+-------+---------+---------+-------+---------
         Total |       0 |     419 |   0.0 |       0 |      17 |   0.0 |   457
               +---------+---------+-------+---------+---------+-------+---------
             D |       0 |     419 |   0.0 |       0 |      17 |   0.0 |   457
               +---------+---------+-------+---------+---------+-------+---------
